 Dungeon Crawl Stone Soup version 0.31-a0-858-g469dc525a8 (webtiles) character file.

Game seed: 17429948883859203704

674581 BinkBink the Invulnerable (level 27, -5/273 HPs)
             Began as a Minotaur Monk on Oct 8, 2023.
             Was the Champion of Qazlal.
             Killed by divine providence
             ... invoked by a royal mummy
              (14 damage)
             ... on level 2 of the Tomb of the Ancients on Oct 9, 2023.
             The game lasted 04:13:46 (71303 turns).

BinkBink the Invulnerable (Minotaur Monk)          Turns: 71303, Time: 04:13:47

Health: -5/273     AC: 36    Str: 29    XL:     27
Magic:  34/34      EV: 21    Int:  8    God:    Qazlal [******]
Gold:   7088       SH: 45    Dex: 25    Spells: 36/43 levels left

rFire   + . .        d - +7 hand axe of Doom {venom, rElec rF+ Dex+3 Stlth+}
rCold   . . .        k - +18 shield of the Gong {Loud rN+ Will+ rCorr EV-5}
rNeg    + + +        D - +9 plate armour "Radgh" {Rampage +Blink Int-3}
rPois   .            (helmet restricted)
rElec   +            L - scarf {repulsion}
rCorr   +            r - +1 pair of gloves of the Sturgeon {Rampage Fly rN+}
SInv    .            B - +0 pair of boots {rampage}
Will    ++++.        P - amulet of regeneration Stlth
                     A - ring "Wiumig" {rN+ Str+2 Dex+4}
HPRegen 1.45/turn    l - ring of Conformity {rN+ Will+ Str+6}
MPRegen 0.24/turn

%: repel missiles, rampage
@: flying, studying 3 skills
A: horns 2, retaliatory headbutt, clever 1, weak 1
}: 5/15 runes: decaying, slimy, silver, abyssal, gossamer
a: Renounce Religion, Evoke Blink, Upheaval, Elemental Force, Disaster Area


You were on level 2 of the Tomb of the Ancients.
You worshipped Qazlal.
Qazlal was exalted by your worship.
You visited 12 branches of the dungeon, and saw 53 of its levels.
You visited the Abyss 8 times.
You also visited: Trove, Sewer, Ossuary, Gauntlet, Ice Cave and Wizlab.

You collected 10153 gold pieces.
You spent 3065 gold pieces at shops.

Inventory:

Hand Weapons
 d - the +7 hand axe of Doom (weapon) {venom, rElec rF+ Dex+3 Stlth+}
   (You found it on level 15 of the Dungeon)

   Dex+3:     It affects your dexterity (+3).
   rF+:       It protects you from fire.
   rElec:     It insulates you from electricity.
   Stlth+:    It makes you more stealthy.
 n - a +9 heavy hand axe
Armour
 k - the +18 shield of the Gong (worn) {Loud rN+ Will+ rCorr EV-5}
   (You found it on level 1 of the Vaults)

   Loud:      It is deafeningly noisy when blocking attacks.
   EV-5:      It affects your evasion (-5).
   rN+:       It protects you from negative energy.
   Will+:     It increases your willpower.
   rCorr:     It protects you from acid and corrosion.
 r - the +1 pair of gloves of the Sturgeon (worn) {Rampage Fly rN+}
   (You found it on level 13 of the Dungeon)

   rN+:       It protects you from negative energy.
   Fly:       It grants you flight.
   Rampage:   It bestows one free step when moving towards enemies.
 y - the +0 mask of the Dragon {Will+ Slay+3 SInv}
   (You acquired it on level 4 of the Vaults)

   Slay+3:    It affects your accuracy & damage with ranged weapons and melee
   (+3).
   Will+:     It increases your willpower.
   SInv:      It lets you see invisible.
 B - a +0 pair of boots of rampaging (worn)
 D - the +9 plate armour "Radgh" (worn) {Rampage +Blink Int-3}
   (You found it on level 5 of the Vaults)

   Int-3:     It affects your intelligence (-3).
   +Blink:    It lets you blink.
   Rampage:   It bestows one free step when moving towards enemies.
 L - a scarf of repulsion (worn)
 U - +0 gold dragon scales
Jewellery
 e - the ring of the Prince {rC+ Int+6}
   (You found it in a treasure trove)

   [ring of intelligence]

   Int+6:     It affects your intelligence (+6).
   rC+:       It protects you from cold.
 g - a +5 ring of evasion
 l - the ring of Conformity (right hand) {rN+ Will+ Str+6}
   (You found it on level 13 of the Dungeon)

   [ring of strength]

   Str+6:     It affects your strength (+6).
   rN+:       It protects you from negative energy.
   Will+:     It increases your willpower.
 t - a +6 ring of dexterity
 A - the ring "Wiumig" (left hand) {rN+ Str+2 Dex+4}
   (You found it on level 3 of the Crypt)

   [ring of positive energy]

   Str+2:     It affects your strength (+2).
   Dex+4:     It affects your dexterity (+4).
   rN+:       It protects you from negative energy.
 E - the ring "Mucsyck" {rPois rF++ rN+ Str+3 Stlth-}
   (You found it on level 3 of the Crypt)

   [ring of positive energy]

   Str+3:     It affects your strength (+3).
   rF++:      It greatly protects you from fire.
   rPois:     It protects you from poison rN+: It protects you from negative
   energy.
   Stlth-:    It makes you less stealthy.
 P - an amulet of regeneration (around neck)
 Y - a +4 ring of slaying
Wands
 h - a wand of mindburst (27)
 G - a wand of roots (49)
 M - a wand of polymorph (15)
 N - a wand of quicksilver (41)
 T - a wand of digging (27)
 V - a wand of flame (59)
 W - a wand of paralysis (92)
Scrolls
 b - 4 scrolls of vulnerability
 c - 4 scrolls of enchant armour
 p - 26 scrolls of teleportation
 s - a scroll of summoning
 v - 6 scrolls of fog
 w - 5 scrolls of enchant weapon
 x - 3 scrolls of immolation
 z - 9 scrolls of poison
 I - 12 scrolls of amnesia
 J - 7 scrolls of fear
 O - 8 scrolls of revelation
 X - a scroll of brand weapon
Potions
 a - 8 potions of enlightenment
 f - 3 potions of ambrosia
 i - 16 potions of might
 j - 27 potions of curing
 m - 7 potions of resistance
 o - 7 potions of invisibility
 q - 6 potions of lignification
 u - 6 potions of haste
 C - 4 potions of berserk rage
 F - 7 potions of magic
 H - 11 potions of brilliance
 K - 6 potions of mutation
 Q - 5 potions of cancellation
 Z - a potion of attraction


   Skills:
 O Level 27 Fighting
 O Level 27 Axes
 O Level 27 Armour
 + Level 23.2 Dodging
 + Level 24.2 Shields
 + Level 8.6 Spellcasting
 + Level 3.1 Conjurations
 + Level 10.2 Transmutations


You had 36 spell levels left.
You knew the following spells:

 Your Spells              Type           Power      Damage    Failure   Level
a - Wereblood             Tmut           19%        N/A       1%          2
b - Irradiate             Conj/Tmut      7%         3d14      69%         5

Your spell library contained the following spells:

 Spells                   Type           Power      Damage    Failure   Level
 Passwall                 Tmut/Erth      9%         N/A       11%         2
 Magic Dart               Conj           32%        1d4       16%         1
 Kiss of Death            Conj/Necr      20%        2d7       30%         1
 Shock                    Conj/Air       20%        1d4       30%         1
 Ignite Poison            Fire/Tmut/Pois 8%         N/A       38%         3
 Static Discharge         Conj/Air       10%        2-3/arc   41%         2
 Apportation              Tloc           6%         N/A       50%         1
 Freeze                   Ice            12%        1d3       50%         1
 Sandblast                Erth           6%         2d5       50%         1
 Summon Small Mammal      Summ           12%        N/A       50%         1
 Petrify                  Tmut/Erth      11%        N/A       56%         4
 Blink                    Tloc           6%         N/A       65%         2
 Call Imp                 Summ           6%         N/A       65%         2
 Cigotuvi's Dreadful Rot  Necr/Pois/Air  6%         N/A       65%         2
 Ensorcelled Hibernation  Hex/Ice        6%         N/A       65%         2
 Jinxbite                 Hex            6%         N/A       65%         2
 Poisonous Vapours        Pois/Air       6%         N/A       65%         2
 Scorch                   Fire           6%         2d5       65%         2
 Sublimation of Blood     Necr           3%         N/A       65%         2
 Dazzling Flash           Conj/Hex       10%        N/A       65%         3
 Hailstorm                Conj/Ice       5%         3d4       65%         3
 Stone Arrow              Conj/Erth      10%        3d7       65%         3
 Mephitic Cloud           Conj/Pois/Air  5%         N/A       73%         3
 Call Canine Familiar     Summ           3%         N/A       86%         3
 Confusing Touch          Hex            3%         N/A       86%         3
 Frozen Ramparts          Ice            6%         1d1       86%         3
 Gell's Gravitas          Tloc           3%         N/A       86%         3
 Sigil of Binding         Hex            3%         N/A       86%         3
 Summon Guardian Golem    Hex/Summ       3%         N/A       86%         3
 Swiftness                Air            3%         N/A       86%         3
 Teleport Other           Tloc           3%         N/A       86%         3
 Tukima's Dance           Hex            3%         N/A       86%         3
 Vampiric Draining        Necr           3%         2d6       86%         3
 Volatile Blastmotes      Fire/Tloc      6%         2d10      86%         3
 Alistair's Intoxication  Tmut/Pois      7%         N/A       88%         5
 Brom's Barrelling Bould  Conj/Erth      5%         2d3       96%         4
 Iskenderun's Mystic Bla  Conj/Tloc      5%         2d3       96%         4
 Airstrike                Air            1%         2d(1-17)  99%         4
 Anguish                  Hex/Necr       1%         N/A       99%         4
 Animate Dead             Necr           3%         N/A       99%         4
 Cause Fear               Hex            1%         N/A       99%         4
 Dimensional Bullseye     Hex/Tloc       1%         N/A       99%         4
 Dispel Undead            Necr           3%         3d7       99%         4
 Leda's Liquefaction      Hex/Erth       1%         N/A       99%         4
 Manifold Assault         Tloc           3%         N/A       99%         4
 Olgreb's Toxic Radiance  Pois           3%         N/A       99%         4
 Summon Lightning Spire   Summ/Air       3%         N/A       99%         4
 Vhi's Electric Charge    Tloc/Air       6%         N/A       99%         4
 Iskenderun's Battlesphe  Conj           8%         2d6       99%         5
 Agony                    Necr           3%         N/A       100%        5
 Arcjolt                  Conj/Air       2%         1d12      100%        5
 Borgnjor's Vile Clutch   Necr/Erth      1%         N/A       100%        5
 Fireball                 Conj/Fire      2%         3d4       100%        5
 Freezing Cloud           Conj/Ice/Air   2%         6-21      100%        5
 Lee's Rapid Deconstruct  Erth           1%         3d4*      100%        5
 Summon Forest            Summ/Tloc      1%         N/A       100%        5
 Summon Mana Viper        Hex/Summ       3%         N/A       100%        5
 Bombard                  Conj/Erth      2%         9d1       100%        6
 Conjure Ball Lightning   Conj/Air       2%         3x3d6     100%        6
 Death Channel            Necr           1%         N/A       100%        6
 Dispersal                Tloc           1%         N/A       100%        6
 Eringya's Noxious Bog    Tmut/Pois      5%         4d6       100%        6
 Plasma Beam              Fire/Air       1%         2x1d11    100%        6
 Simulacrum               Ice/Necr       1%         N/A       100%        6
 Starburst                Conj/Fire      2%         6d3       100%        6
 Summon Cactus Giant      Summ           1%         N/A       100%        6
 Haunt                    Necr/Summ      1%         N/A       100%        7
 Monstrous Menagerie      Summ           1%         N/A       100%        7
 Orb of Destruction       Conj           4%         9d5       100%        7
 Ozocubu's Refrigeration  Ice            1%         4d7       100%        7
 Summon Hydra             Summ           1%         N/A       100%        7
 Borgnjor's Revivificati  Necr           1%         N/A       100%        8
 Discord                  Hex            1%         N/A       100%        8
 Disjunction              Tloc           1%         N/A       100%        8
 Ignition                 Fire           1%         3d3       100%        8
 Infestation              Necr           1%         N/A       100%        8
 Maxwell's Capacitive Co  Air            1%         ∞         100%        8
 Chain Lightning          Conj/Air       2%         3d3       100%        9
 Death's Door             Necr           1%         N/A       100%        9
 Dragon's Call            Summ           1%         N/A       100%        9


Dungeon Overview and Level Annotations

Branches:
Dungeon (15/15)            Temple (1/1) D:5            Lair (5/5) D:10
  Swamp (4/4) Lair:3       Spider (4/4) Lair:3        Slime (5/5) Lair:5
    Orc (2/2) D:11            Elf (3/3) Orc:2        Vaults (5/5) D:13
  Crypt (3/3) Vaults:2       Tomb (2/3) Crypt:3      Depths (4/4) D:15
    Zot (0/5) Depths:4      Sewer (visited)         Ossuary (visited)
  IceCv (visited)          WizLab (visited)         Gauntlet (visited)

Altars:
Ashenzari
Cheibriados
Dithmenos
Elyvilon
Fedhas
Gozag
Hepliaklqana
Kikubaaqudgha
Makhleb
Nemelex Xobeh
Okawaru
Qazlal
Ru
Sif Muna
Trog
Uskayaw
Vehumet
Wu Jian
Xom
Yredelemnul
Zin
The Shining One
Jiyva

Shops:
D:4 *   D:9 [   D:11 [   Orc:2 !([*!   Elf:2 ?   Elf:3 [   Vaults:1 :
Vaults:2 [   Depths:1 !(

Portals:
Hell: Depths:1 Depths:2 Depths:3 Depths:4
Abyss: Depths:1 Depths:2 Depths:3
Pandemonium: Depths:2 Depths:3
Ziggurat: Depths:4

Annotations:
Lair:3 1 runed translucent door, CrazyBamboolord's ghost, journeyman TeAE
Swamp:4 2 transporters, kuniqs's ghost, adept VSBe
Depths:2 4 transporters


Innate Abilities, Weirdness & Mutations

You have a pair of horns on your head.
You reflexively headbutt those who attack you in melee.
Your mind is acute. (Int +4, Str/Dex -1)
You are weak. (Str -2)


Message History

You block the death scarab's attack.
PANG!
The death scarab is engulfed in freezing vapours.
The royal mummy mumbles some strange words.
The death scarab is engulfed in freezing vapours.
The death scarab closely misses you. You furiously retaliate!
You headbutt the death scarab!
You hear a faint skittering sound. x7
The death scarab attacks as it pursues you!
You block the death scarab's attack.
GONNNNG!
The death scarab is engulfed in freezing vapours.
The death scarab is engulfed in blazing flames.
The death scarab is engulfed in freezing vapours.
You block the death scarab's attack.
GONNNNG!
You block the death scarab's attack.
BONNNG!
You hear a faint skittering sound. x6
You hear a faint skittering sound.
The death scarab attacks as it pursues you!
The death scarab bites you but does no damage.
The death scarab is engulfed in blazing flames.
You block the death scarab's attack.
GONNNNG!
You block the death scarab's attack.
GONNNNG!
You hear a faint skittering sound. x17
There is a one-way staircase leading up here.
You can't go down here!
You hear a faint skittering sound.
You block the death scarab's attack.
GONNNNG!
The death scarab is engulfed in freezing vapours. x2
You block the death scarab's attack.
GONNNNG!
You block the death scarab's attack.
GONNNNG!
The death scarab is engulfed in freezing vapours.
The royal mummy gestures at you while chanting.
Something smites you!
You die...

*,^^..#....##4MM.M....##.,,,
***+###....##..zB.....##.,,,
*,^.MB#................M.,,,
*,,.BB#..........^.......,,,
*,,.BB#...M..............,,,
*,,.BB#...##...........##,,,
*,,.BB#...###..B.z,,,.***,,,
*,,.BB#....###.B.#...#**,,,,
*^,.BB#...B@###.B#MM#**,,,,,
*,,..B#...BBB##.....##,,,,,,
***+###...☼.BBMM.MM..M.,,,,,
*,,...#...°BBBs.MsMM...,,,,,
*,,,,,#........MM.Ms...,,,,,
*,,,,,#########†############
*,,,,,,,,,,^#...M.s#.......4
*,,,,,,,,,,,#3....s#..ZMzMZZ
*,,,,,,,,,,,#.....M'...M...s


You could see 2 royal mummies, an emperor scorpion (summoned), 2 guardian
mummies, 9 death scarabs and 2 mummies.

Vanquished Creatures
  the Royal Jelly (Slime:5)
  2 dread liches
  2 ancient liches
  Vv (Depths:2)
  3 royal mummies
  Josephina (Crypt:2)
  Saint Roka (Depths:2)
  Frederick (Vaults:4)
  2 caustic shrikes (Depths:2)
  Nikola (Vaults:1)
  7 golden dragons
  Jory (Vaults:3)
  Arachne (Spider:2)
  3 bone dragons
  A Cloud Mage (WizLab)
  A Tzitzimitl (Tomb:2)
  2 hellephants (Depths:1)
  7 tentacled monstrosities
  14 liches
  3 deep elf blademasters
  A walking earthen tome (Abyss:4)
  6 titans
  2 quicksilver dragons (Vaults:5)
  2 deep elf master archers (Elf:3)
  27 acid blobs
  2 ancient champions
  13 sphinxes
  Kirke (Spider:1)
  An Executioner (Abyss:3)
  12 tentacled starspawn (Abyss:4)
  Agnes (D:14)
  5 storm dragons
  4 tengu reavers
  A thorn hunter (Swamp:4)
  2 draconian monks (Depths:4)
  4 revenants
  5 shadow dragons
  A fenstrider witch (Swamp:2)
  14 azure jellies
  4 fire giants
  16 rockslimes
  7 iron dragons
  7 frost giants
  5 ghost moths
  6 emperor scorpions
  20 vault wardens
  The ghost of Heedrag the Fighter, a journeyman DsSh of Qazlal (D:12)
  4 deep elf sorcerers
  4 spectral caustic shrikes
  5 ghouls
  A balrug (Abyss:2)
  9 deep elf elementalists (Elf:3)
  Louise (Depths:1)
  2 angels (Abyss:4)
  6 spriggan defenders
  21 ironbound preservers
  3 reapers
  8 formless jellyfish
  30 very ugly things
  6 ironbound thunderhulks
  A draconian annihilator (Abyss:4)
  7 war gargoyles
  17 stone giants
  A juggernaut skeleton (Crypt:2)
  2 green draconians (Depths:4)
  9 deep elf demonologists
  13 quicksilver oozes
  3 starflowers (Abyss:4)
  The ghost of Piotedat the Fighter, a journeyman FoFi of Jiyva (D:13)
  2 black draconians (Depths:4)
  A caustic shrike skeleton (Crypt:1)
  4 broodmothers
  Nessos (Lair:4)
  11 vampire knights
  13 deep elf annihilators
  2 eleionomae
  2 purple draconians (Depths:4)
  2 minotaurs
  3 bunyips
  The ghost of BinkBink the Severer, a journeyman MiMo of Qazlal (Orc:1)
  2 red draconians
  A yellow draconian (Abyss:4)
  17 spark wasps
  3 dire elephants (Vaults:2)
  6 eidola
  4 crystal guardians
  2 lorocyprocas (Abyss:4)
  8 ettins
  4 blizzard demons
  5 deep elf death magi
  8 mummy priests
  10 jiangshi
  A green death (Abyss:2)
  3 shambling mangroves (Swamp:4)
  The ghost of Ratslayer the Spear-Bearer, a journeyman MiBe of Trog (Orc:2)
  10 fire dragons
  3 entropy weavers
  34 vault guards
  3 spriggan zombies
  15 yaktaur captains
  Harold (D:10)
  17 great orbs of eyes
  5 deep elf high priests
  8 ice dragons
  A salamander tyrant (Depths:1)
  6 rakshasas
  A quicksilver dragon skeleton (Depths:1)
  4 ogre magi
  A peacekeeper (Vaults:3)
  2 radroaches (Spider:3)
  2 catoblepae
  Erica (D:10)
  15 hydras
  An anaconda (shapeshifter) (D:15)
  2 caustic shrike simulacra (IceCv)
  8 ghost crabs
  12 spriggan air magi
  A merfolk avatar (Lair:5)
  3 spriggan skeletons
  21 centaur warriors
  3 death knights
  13 ironbound frosthearts
  5 deep troll earth magi
  10 two-headed ogres
  6 deep troll shamans
  7 hell hogs (Depths:1)
  10 boulder beetles
  5 alligators
  Urug (Lair:3)
  12 tengu warriors
  29 death scarabs
  A satyr (shapeshifter) (Vaults:5)
  5 death yaks (Lair:2)
  14 spriggan berserkers
  10 demonic crawlers
  20 thrashing horrors
  35 dancing weapons
  17 hell knights
  2 shock serpents (WizLab)
  11 vampire magi
  Amaemon (Lair:2)
  A titan zombie (Crypt:3)
  23 deep elf knights
  5 soul eaters
  2 sun demons (Abyss:3)
  2 orc high priests
  A shadow wraith (Vaults:5)
  4 pharaoh ants
  4 sixfirhies (Abyss:4)
  28 skeletal warriors
  6 sun moths
  2 fire crabs (D:15)
  A salamander mystic (Depths:1)
  6 goliath frogs
  5 skysharks
  A spatial maelstrom (Abyss:4)
  18 wretched stars
  An iron troll (Depths:4)
  Lodul (D:10)
  A spectral hydra (Swamp:4)
  11 spriggan druids
  An anaconda zombie (Crypt:1)
  32 deep trolls
  2 sea snakes (Lair:5)
  10 orb spiders
  A glowing orange brain (shapeshifter) (Vaults:4)
  3 death drakes (WizLab)
  4 flayed ghosts
  A golden dragon skeleton (Vaults:5)
  A death drake (shapeshifter) (Vaults:4)
  8 glowing orange brains
  2 spriggan simulacra
  6 deep elf archers
  4 bog bodies
  17 lindwurms
  2 obsidian statues (IceCv)
  6 swamp dragons
  26 ironbound convokers
  A fenstrider witch simulacrum (Crypt:2)
  An iron dragon zombie (Crypt:3)
  4 steelbarb worms
  8 orc knights
  17 wizards
  35 deep elf pyromancers
  12 phantasmal warriors
  12 necromancers
  39 starcursed masses
  A faun (shapeshifter) (Vaults:5)
  A bunyip skeleton (Crypt:1)
  27 deep elf zephyrmancers
  4 harpies (Vaults:5)
  8 orc sorcerers
  9 cyclopes
  A broodmother zombie (Crypt:1)
  A salamander (shapeshifter) (D:15)
  A cyclops (shapeshifter) (Vaults:2)
  4 shining eyes
  2 mana vipers (shapeshifter)
  8 oklob plants
  9 worldbinders
  2 stone giant zombies
  36 ugly things
  A fire giant zombie (Depths:1)
  29 wolf spiders
  7 salamanders (Depths:1)
  2 will-o-the-wisps
  7 manticores
  7 elephants
  An elephant (shapeshifter) (Vaults:5)
  4 black mambas
  3 moths of wrath
  A fire giant skeleton (Vaults:5)
  Joseph (D:7)
  4 rust devils (Depths:1)
  8 smoke demons
  4 apocalypse crabs
  An ice statue (Elf:3)
  15 vault sentinels
  7 orange demons
  Maggie (Lair:2)
  2 gargoyles (D:10)
  17 cane toads
  Jeremiah (D:7)
  2 rime drakes
  Psyche (D:8)
  A tormentor (Depths:3)
  5 torpor snails
  2 hellions (Abyss:4)
  14 guardian mummies
  2 unseen horrors
  3 dire elephant skeletons
  A steelbarb worm zombie (Crypt:1)
  7 efreet
  3 ice devils
  A kobold demonologist (Abyss:3)
  9 komodo dragons
  36 yaktaurs
  An anaconda simulacrum (Abyss:2)
  A red draconian skeleton (Crypt:1)
  15 freezing wraiths
  3 tengu conjurers
  11 trolls
  A merfolk (shapeshifter) (D:15)
  11 ancient zymes
  4 hydra zombies (Swamp:4)
  3 red devils (Depths:3)
  A harpy zombie (Crypt:3)
  A queen bee (Lair:1)
  A troll (shapeshifter) (Vaults:5)
  4 death drake zombies
  6 meliai (Spider:3)
  4 polar bears
  3 golden dragon simulacra (IceCv)
  A yellow draconian skeleton (Crypt:2)
  8 tyrant leeches
  An alligator simulacrum (IceCv)
  A harpy skeleton (Tomb:1)
  3 wind drakes
  A hydra skeleton (Tomb:1)
  A tarantella (shapeshifter) (Depths:2)
  28 tarantellas
  30 hornets
  32 raiju
  A hellwing (Depths:3)
  A snapping turtle (shapeshifter) (D:15)
  4 dream sheep (Lair:5)
  18 blink frogs
  A snapping turtle (Lair:5)
  2 death drake skeletons (Swamp:4)
  126 slime creatures
  20 small abominations
  65 flying skulls
  A centaur simulacrum (Crypt:2)
  An ettin skeleton (Abyss:4)
  A merfolk zombie (Crypt:1)
  35 spriggans
  11 air elementals
  A black mamba zombie (Crypt:3)
  A vampire (D:14)
  26 jumping spiders
  8 shadows
  30 culicivoras
  10 wraiths
  5 ynoxinuls
  A slime creature zombie (Crypt:2)
  24 water elementals
  61 yaks
  A human (Spider:2)
  7 ushabtiu (Tomb:1)
  7 wyverns
  A human (shapeshifter) (Vaults:1)
  7 steam dragons
  4 basilisks
  3 fire elementals
  2 hogs (Spider:1)
  A dire elephant simulacrum (Crypt:2)
  A golden eye (Slime:5)
  A hog (shapeshifter) (Abyss:4)
  Grum (D:11)
  2 fire bats (Abyss:4)
  7 neqoxecs (Abyss:4)
  8 vampire mosquitoes
  6 chaos spawn (Abyss:4)
  2 golden eyes (shapeshifter)
  41 redbacks
  A spatial vortex (Abyss:4)
  18 swamp worms
  8 hydra simulacra
  6 wargs
  3 acid dragons
  2 harpy simulacra
  26 water moccasins
  A faun skeleton (Crypt:2)
  36 large abominations
  2 glowing shapeshifter skeletons
  A floating eye (Depths:2)
  51 orc warriors
  6 swamp drakes
  6 ettin simulacra
  2 naga skeletons
  4 black bears (Lair:2)
  2 sky beasts (D:8)
  A swamp dragon zombie (Swamp:4)
  3 ice beasts
  21 ogres
  An ogre (shapeshifter) (D:15)
  2 boggarts
  30 centaurs
  13 wolves
  A swamp dragon skeleton (Swamp:4)
  2 phantoms
  11 bullfrogs
  A kobold brigand (D:10)
  2 earth elementals
  13 necrophages
  A wyvern zombie (D:8)
  3 scorpions
  2 gnoll sergeants
  10 wights
  31 killer bees
  A shapeshifter zombie (Crypt:2)
  2 electric eels (Spider:4)
  12 howler monkeys
  3 centaur zombies
  5 crimson imps (Abyss:4)
  4 quasits (Abyss:4)
  3 hounds
  2 human zombies
  A bullfrog zombie (Crypt:2)
  A jelly (D:5)
  2 centaur skeletons
  17 orc priests
  A gnoll bouda (D:5)
  3 sleepcaps
  A scorpion zombie (D:4)
  5 iguanas
  37 orc wizards
  A hell rat (Sewer)
  2 lightning spires (Gauntlet)
  A deep dwarf skeleton (Crypt:1)
  A hound zombie (Crypt:1)
  18 mummies
  A howler monkey zombie (D:8)
  11 gnolls
  5 adders
  3 river rats (Sewer)
  A shadow imp (D:6)
  7 white imps
  A howler monkey simulacrum (D:10)
  2 ufetubi (Abyss:4)
  A jelly zombie (Crypt:2)
  An adder zombie (D:4)
  An iguana skeleton (Crypt:1)
  2 worms (D:2)
  2 dart slugs
  84 orcs
  A spectral bat (Ossuary)
  7 ball pythons
  7 endoplasms
  9 giant cockroaches
  3 goblins (D:1)
  4 hobgoblins
  15 jackals
  9 kobolds
  13 quokkas
  6 bats
  A bat simulacrum (Ossuary)
  5 frilled lizards
  12 gnoll zombies (Ossuary)
  4 goblin simulacra (Ossuary)
  7 goblin zombies (Ossuary)
  A hobgoblin zombie (Ossuary)
  3 kobold simulacra (Ossuary)
  6 kobold zombies (Ossuary)
  4 orc zombies (Ossuary)
  8 rats
  2 spectral goblins (Ossuary)
  3 spectral kobolds (Ossuary)
  3 spectral rats (Ossuary)
  A spectral weapon (Swamp:4)
  11 starspawn tentacles (Abyss:4)
3037 creatures vanquished.

Vanquished Creatures (others)
  A lich (Abyss:4)
  A sphinx (Vaults:5)
  Aizul (Swamp:4)
  A blizzard demon (Abyss:4)
  A vault guard (Vaults:5)
  An alligator (Swamp:3)
  A dancing weapon (Elf:2)
  A spriggan (Swamp:2)
  3 deep elf knights
  2 wretched stars (Abyss:4)
  A sun moth (Spider:4)
  A goliath frog (Swamp:4)
  A shadow wraith (Vaults:5)
  A death drake (WizLab)
  A deep elf zephyrmancer (Elf:1)
  An orc knight (D:15)
  A necromancer (Crypt:1)
  3 deep elf pyromancers (Elf:2)
  A cyclops (D:15)
  An apocalypse crab (WizLab)
  A cane toad (Lair:5)
  A tengu conjurer (Depths:3)
  4 bloated husks
  A tyrant leech (Swamp:2)
  A hornet (Swamp:2)
  A slime creature (Slime:1)
  A vampire (D:10)
  3 humans (Spider:2)
  A water elemental (D:13)
  An ushabti (Tomb:1)
  A swamp worm (Swamp:3)
  A water moccasin (Lair:5)
  4 orc wizards
  10 foxfires
  A lurking horror (Abyss:3)
  22 starspawn tentacles (Abyss:4)
79 creatures vanquished.

Grand Total: 3116 creatures vanquished

Notes
Turn   | Place    | Note
-------+----------+-------------------------------------------
     0 | D:1      | BinkBink the Minotaur Monk began the quest for the Orb.
     0 | D:1      | Reached XP level 1. HP: 19/19 MP: 0/0
    34 | D:1      | Reached XP level 2. HP: 21/27 MP: 1/1
   139 | D:1      | Reached skill level 1 in Armour
   221 | D:1      | Reached XP level 3. HP: 33/33 MP: 2/2
   342 | D:1      | Found a faded altar of an unknown god.
   679 | D:2      | Reached XP level 4. HP: 25/41 MP: 3/3
  1530 | D:3      | Reached XP level 5. HP: 28/47 MP: 4/4
  1832 | D:3      | Reached skill level 5 in Axes
  1978 | D:3      | Found a snail-covered altar of Cheibriados.
  2114 | D:3      | Reached skill level 1 in Shields
  2659 | D:4      | Found a glowing drain.
  2668 | D:4      | Reached skill level 5 in Fighting
  2682 | Sewer    | Entered a sewer
  2764 | Sewer    | Reached XP level 6. HP: 50/56 MP: 5/5
  3001 | D:4      | Found a basalt altar of Yredelemnul.
  3238 | D:4      | Reached XP level 7. HP: 55/62 MP: 6/6
  3407 | D:4      | Found Aliefakk's Neck Hole.
  3646 | D:5      | Entered Level 5 of the Dungeon
  3646 | D:5      | Found a staircase to the Ecumenical Temple.
  3652 | Temple   | Entered the Ecumenical Temple
  3658 | Temple   | Became a worshipper of Qazlal Stormbringer
  3658 | Temple   | Reached * piety under Qazlal
  3658 | Temple   | Reached ** piety under Qazlal
  3836 | D:5      | Found a broken altar of Ashenzari.
  3961 | D:5      | Found a sand-covered staircase.
  3965 | Ossuary  | Entered an ossuary
  4075 | Ossuary  | Reached skill level 5 in Armour
  4123 | Ossuary  | Reached *** piety under Qazlal
  4369 | D:5      | Reached XP level 8. HP: 67/71 MP: 7/7
  4375 | D:5      | Reached skill level 5 in Dodging
  4736 | D:5      | Found an ornate altar of the Wu Jian Council.
  5039 | D:6      | Found an iron altar of Okawaru.
  5047 | D:6      | Reached **** piety under Qazlal
  5311 | D:6      | Found a hide-covered altar of Uskayaw.
  5703 | D:6      | Reached XP level 9. HP: 73/81 MP: 8/8
  6115 | D:7      | Noticed Jeremiah
  6362 | D:7      | Noticed Joseph
  6390 | D:7      | Killed Joseph
  6697 | D:7      | Killed Jeremiah
  7112 | D:8      | Reached skill level 5 in Shields
  7555 | D:8      | Noticed a troll
  7588 | D:8      | Killed a troll
  7589 | D:8      | Reached XP level 10. HP: 49/91 MP: 9/9
  7691 | D:8      | Reached ***** piety under Qazlal
  7888 | D:8      | Noticed Psyche
  7913 | D:8      | Killed Psyche
  7921 | D:8      | Reached skill level 10 in Axes
  7988 | D:8      | Found an ancient bone altar of Kikubaaqudgha.
  8090 | D:8      | Noticed a white ugly thing
  8218 | D:9      | Found a shimmering altar of Xom.
  8219 | D:9      | Found a shimmering altar of Xom.
  8243 | D:9      | Reached skill level 10 in Fighting
  8471 | D:9      | Found a shimmering altar of Xom.
  8473 | D:9      | Found a shimmering altar of Xom.
  8474 | D:9      | Found a shimmering altar of Xom.
  8474 | D:9      | Found a shimmering altar of Xom.
  8507 | D:9      | Identified the ring "Zasid" {Will- Dex+5 SInv}
  8824 | D:9      | Found Asmadadi's Antique Armour Shop.
  8859 | D:10     | Entered Level 10 of the Dungeon
  8859 | D:10     | Noticed a two-headed ogre
  8882 | D:9      | Killed a two-headed ogre
  8978 | D:10     | Reached skill level 10 in Armour
  9034 | D:10     | Noticed a two-headed ogre
  9054 | D:10     | Killed a two-headed ogre
  9055 | D:10     | Reached XP level 11. HP: 85/101 MP: 10/10
  9255 | D:10     | Found a faded altar of an unknown god.
  9256 | D:10     | Found a hazy altar of Hepliaklqana.
  9449 | D:10     | Found a staircase to the Lair.
  9533 | D:10     | Noticed Lodul
  9575 | D:10     | Killed Lodul
 10194 | D:10     | Found a radiant altar of Vehumet.
 10300 | D:11     | Noticed a two-headed ogre
 10301 | D:11     | Noticed Erica
 10303 | D:11     | Noticed a two-headed ogre
 10335 | D:10     | Killed a two-headed ogre
 10341 | D:10     | Killed a two-headed ogre
 10342 | D:10     | Reached XP level 12. HP: 40/113 MP: 11/11
 10411 | D:11     | Noticed Grum
 10443 | D:11     | Noticed Harold
 10497 | D:10     | Killed Harold
 10537 | D:11     | Paralysed by Erica for 4 turns
 10606 | D:10     | Killed Erica
 10651 | D:11     | Killed Grum
 10683 | D:11     | Noticed a two-headed ogre
 10689 | D:11     | Found Kuleshrio's Armour Boutique.
 10695 | D:11     | Killed a two-headed ogre
 10703 | D:11     | Found a staircase to the Orcish Mines.
 11160 | D:9      | Bought a faintly humming plate armour for 952 gold pieces
 11160 | D:9      | Identified the +4 plate armour of Regreyq {rN+ MP+9 Stlth+}
                  | (You bought it in a shop on level 9 of the Dungeon)
 11258 | Orc:1    | Entered Level 1 of the Orcish Mines
 11258 | Orc:1    | Noticed BinkBink's ghost (journeyman MiMo)
 11258 | Orc:1    | Found a transporter.
 11258 | Orc:1    | Found a transporter.
 11260 | Orc:1    | Reached ****** piety under Qazlal
 11313 | Orc:1    | Noticed an orc high priest
 11355 | Orc:1    | Killed an orc high priest
 11517 | Orc:1    | Paralysed by an orc sorcerer for 2 turns
 11618 | Orc:1    | Found a bloodstained altar of Trog.
 11983 | Orc:1    | Identified a scroll of acquirement
 11983 | Orc:1    | Acquired a manual of Necromancy
 12000 | Orc:2    | Entered Level 2 of the Orcish Mines
 12000 | Orc:2    | Found Uxkint's Distillery.
 12221 | Orc:2    | Reached XP level 13. HP: 114/123 MP: 12/12
 12330 | Orc:2    | Bought a potion of degeneration for 11 gold pieces
 12344 | Orc:2    | Found a runed translucent gate.
 12344 | Orc:2    | Found a runed translucent gate.
 12344 | Orc:2    | Found a runed translucent gate.
 12348 | Orc:2    | Found an opulent altar of Gozag.
 12348 | Orc:2    | Noticed Ratslayer's ghost (journeyman MiBe)
 12622 | Orc:2    | Found a staircase to the Elven Halls.
 12709 | Orc:2    | Found Jopizam's Armour Shoppe.
 12709 | Orc:2    | Found Emodgh's Assorted Antiques.
 12711 | Orc:2    | Found Yntuteca's Distillery.
 12713 | Orc:2    | Found Usheo's Weapon Emporium.
 12840 | D:12     | Noticed a minotaur
 12874 | D:12     | Noticed Heedrag's ghost (journeyman DsSh)
 12919 | D:12     | Found a portal to a secret trove of treasure.
 12982 | D:12     | Found a runed translucent gate.
 13015 | D:12     | Found a runed translucent gate.
 13016 | D:12     | Found a runed translucent gate.
 13456 | D:12     | Reached skill level 10 in Dodging
 14213 | D:13     | Paralysed by a great orb of eyes for 3 turns
 14219 | D:13     | Paralysed by a great orb of eyes for 5 turns
 14223 | D:13     | Identified the +6 dagger "Wegiu" {flame, +Blink}
 14230 | D:13     | Paralysed by a great orb of eyes for 5 turns
 14263 | D:13     | Reached skill level 15 in Axes
 14263 | D:13     | Reached skill level 10 in Shields
 14296 | D:13     | Found a gate to the Vaults.
 14360 | D:13     | Found a runed translucent gate.
 14360 | D:13     | Found a runed translucent gate.
 14360 | D:13     | Noticed a lich
 14361 | D:13     | Noticed Piotedat's ghost (journeyman FoFi)
 14361 | D:13     | Found a runed translucent gate.
 14361 | D:13     | Found an ancient bone altar of Kikubaaqudgha.
 14361 | D:13     | Noticed a lich
 14361 | D:13     | Noticed a lich
 14361 | D:13     | Noticed a lich
 14618 | D:14     | Reached skill level 15 in Fighting
 14631 | D:14     | Reached XP level 14. HP: 135/135 MP: 13/13
 14883 | D:14     | Noticed Agnes
 14891 | D:14     | Killed Agnes
 14975 | D:14     | Reached skill level 15 in Armour
 14977 | D:14     | Paralysed by an ogre mage for 4 turns
 15049 | D:14     | Identified the +5 morningstar of Sunlight {heavy, rElec rF+
                  | rC+ Stlth-}
 15657 | Lair:1   | Entered Level 1 of the Lair of Beasts
 16721 | Lair:2   | Noticed Maggie
 16731 | Lair:2   | Killed Maggie
 16884 | Lair:2   | Noticed Amaemon
 16895 | Lair:2   | Killed Amaemon
 17064 | Lair:2   | Reached XP level 15. HP: 145/145 MP: 14/14
 17549 | Lair:3   | Found a hole to the Spider Nest.
 17587 | Lair:3   | Found a runed translucent door.
 17587 | Lair:3   | Noticed CrazyBamboolord's ghost (journeyman TeAE)
 17777 | Lair:3   | Noticed Urug
 17791 | Lair:3   | Killed Urug
 18320 | Lair:3   | Found a staircase to the Swamp.
 18675 | Lair:4   | Identified the +12 quarterstaff of the Distant Future
                  | {chaos, rPois rN+ Str-4}
 18759 | Lair:4   | Found a gate leading to a gauntlet.
 18768 | Gauntlet | Entered a Gauntlet
 18768 | Gauntlet | Found a transporter.
 18768 | Gauntlet | Found a transporter.
 18772 | Gauntlet | Found a transporter.
 18772 | Gauntlet | Found a transporter.
 18781 | Gauntlet | Found a transporter.
 18800 | Gauntlet | Found a transporter.
 18810 | Gauntlet | Found a transporter.
 18813 | Gauntlet | Found a transporter.
 18817 | Gauntlet | Found a transporter.
 18840 | Gauntlet | Found a transporter.
 18847 | Gauntlet | Found a transporter.
 18866 | Gauntlet | Found a transporter.
 18899 | Gauntlet | Found a transporter.
 18917 | Gauntlet | Found a transporter.
 19018 | Gauntlet | Found a transporter.
 19032 | Gauntlet | Found a transporter.
 19272 | Gauntlet | Identified the +1 helmet "Edamen" {rElec rN+++ Regen+
                  | Str-4}
 19345 | Gauntlet | Identified the +0 pair of gloves of the Untouchables {rElec
                  | Str+3 Int+3}
 19794 | Lair:4   | Noticed Nessos
 19812 | Lair:4   | Killed Nessos
 20276 | Lair:5   | Entered Level 5 of the Lair of Beasts
 20851 | Lair:5   | Identified the +9 trident of Moderation {vamp, Str+2}
 21026 | Lair:5   | Found a staircase to the Slime Pits.
 21470 | Elf:1    | Entered Level 1 of the Elven Halls
 21521 | Elf:1    | Found a radiant altar of Vehumet.
 21583 | Elf:1    | Found an ancient bone altar of Kikubaaqudgha.
 21908 | Elf:1    | Noticed a deep elf sorcerer
 21918 | Elf:1    | Killed a deep elf sorcerer
 21919 | Elf:1    | Reached XP level 16. HP: 157/157 MP: 15/15
 22617 | Elf:2    | Noticed a Tzitzimitl
 22877 | Spider:1 | Entered Level 1 of the Spider Nest
 23583 | Spider:1 | Identified the +0 ring mail of Resonance {rC- MP+9 Str+4
                  | Int+2}
 23863 | Spider:2 | Noticed Kirke
 23965 | Spider:1 | Killed Kirke
 23974 | Spider:2 | Noticed Arachne
 24146 | Spider:2 | Killed Arachne
 24974 | Spider:3 | Reached XP level 17. HP: 115/166 MP: 16/16
 26254 | Spider:4 | Entered Level 4 of the Spider Nest
 27356 | Spider:4 | Identified the +2 leather armour of the Big Bang {Int+2}
 27811 | Spider:4 | Got a gossamer rune of Zot
 28256 | D:15     | Entered Level 15 of the Dungeon
 28367 | D:15     | Found a shimmering altar of Xom.
 28367 | D:15     | Found a shimmering altar of Xom.
 28368 | D:15     | Found a hazy altar of Hepliaklqana.
 28551 | D:15     | Found a staircase to the Depths.
 28783 | D:15     | Reached XP level 18. HP: 137/178 MP: 17/17
 28923 | D:15     | Paralysed by an ogre mage for 4 turns
 28939 | Abyss:2  | Cast into level 2 of the Abyss (a wizard)
 29659 | Abyss:4  | Paralysed by a great orb of eyes for 2 turns
 29804 | Abyss:4  | Found a corrupted altar of Lugonu.
 29841 | Abyss:4  | Found a corrupted altar of Lugonu.
 29896 | Abyss:4  | Gained mutation: Armour fits poorly on your strangely
                  | shaped body. [a neqoxec]
 29931 | D:15     | Escaped the Abyss
 30032 | D:15     | Got a curling book
 30684 | D:15     | Identified the +0 plate armour of Enkorreh {Harm Rampage
                  | rC- Dex+8}
 30982 | D:15     | Identified the +7 hand axe of Doom {venom, rElec rF+ Dex+3
                  | Stlth+}
 31390 | Abyss:4  | Cast into level 4 of the Abyss (a deep elf demonologist)
 31507 | Abyss:4  | Gained mutation: You are clumsy. (Dex -2) [a neqoxec]
 31511 | Abyss:4  | Reached XP level 19. HP: 139/189 MP: 18/18
 31520 | Abyss:4  | Noticed a bone dragon
 31676 | Abyss:4  | Noticed a bone dragon
 31714 | Abyss:4  | Killed a bone dragon
 31717 | Elf:2    | Escaped the Abyss
 31829 | Elf:2    | Found a runed translucent gate.
 31830 | Elf:2    | Found a runed translucent gate.
 31830 | Elf:2    | Found a runed translucent gate.
 32140 | Elf:2    | Found Faput's Magic Scroll Shoppe.
 32143 | Elf:2    | Bought a scroll of enchant weapon for 75 gold pieces
 32143 | Elf:2    | Bought a scroll of enchant weapon for 75 gold pieces
 32143 | Elf:2    | Bought a scroll of enchant armour for 75 gold pieces
 32609 | Elf:2    | Reached skill level 15 in Dodging
 32609 | Elf:2    | Reached skill level 15 in Shields
 32835 | Elf:3    | Entered Level 3 of the Elven Halls
 32988 | Elf:3    | Found Lis Can's Antique Armour Shoppe.
 33061 | Elf:3    | Found a frozen archway.
 33082 | IceCv    | Entered an ice cave
 34052 | Elf:3    | Noticed a Brimstone Fiend
 34305 | Abyss:4  | Cast into level 4 of the Abyss (a deep elf sorcerer)
 34378 | Abyss:4  | Reached XP level 20. HP: 191/200 MP: 17/17
 34404 | Abyss:4  | Gained mutation: You are frail. (-10% HP) [a neqoxec]
 34458 | Abyss:4  | Paralysed by a great orb of eyes for 4 turns
 34481 | Elf:3    | Escaped the Abyss
 34795 | Swamp:1  | Entered Level 1 of the Swamp
 35421 | Swamp:1  | Paralysed by a spriggan for 3 turns
 35787 | Swamp:2  | Paralysed by a fenstrider witch for 2 turns
 36683 | Swamp:3  | Found a snail-covered altar of Cheibriados.
 36795 | Swamp:3  | Identified the +1 halberd "Eker" {freeze, rElec Str-5
                  | Dex+3}
 36886 | Swamp:4  | Entered Level 4 of the Swamp
 37324 | Swamp:4  | Noticed Aizul
 37331 | Swamp:4  | Noticed kuniqs's ghost (adept VSBe)
 37343 | Swamp:4  | Killed Aizul
 37515 | Swamp:4  | Found a transporter.
 37610 | Swamp:4  | Found a transporter.
 37614 | Swamp:4  | Found a bloodstained altar of Trog.
 38261 | Swamp:4  | Found a blossoming altar of Fedhas.
 38268 | Swamp:4  | Found a basalt altar of Yredelemnul.
 38343 | Swamp:4  | Got a decaying rune of Zot
 38850 | D:12     | Killed Heedrag's ghost
 38937 | D:13     | Killed Piotedat's ghost
 38944 | D:13     | Identified the ring of Conformity {rN+ Will+ Str+6}
 38962 | D:13     | Identified the +1 pair of gloves of the Sturgeon {Rampage
                  | Fly rN+}
 38967 | D:13     | Got a dog-eared book
 39116 | Orc:1    | Killed BinkBink's ghost
 39198 | Orc:2    | Killed Ratslayer's ghost
 39472 | Slime:1  | Entered Level 1 of the Pits of Slime
 39490 | Slime:1  | Reached XP level 21. HP: 108/189 MP: 20/20
 39553 | Lair:5   | Upgraded the game from 0.31-a0-853-gc9b61b78f7 to
                  | 0.31-a0-858-g469dc525a8
 41929 | Elf:3    | Got an illuminated book
 41943 | Elf:3    | Got an odd book
 41949 | Elf:3    | Got a thrumming book
 41960 | Elf:3    | Identified the +0 chain mail of the Scribe {rC+ SInv}
 41962 | Elf:3    | Identified the +1 ring mail "Wyob" {Str+5}
 41969 | Elf:3    | Identified the +8 arbalest of the Skies Above {heavy,
                  | Will+}
 42247 | Vaults:1 | Entered Level 1 of the Vaults
 42252 | Vaults:1 | Found Raibras's Book Shop.
 42305 | Vaults:1 | Noticed Nikola
 42335 | Vaults:1 | Killed Nikola
 42414 | Vaults:1 | Bought a manual of Armour for 1280 gold pieces
 42461 | Vaults:1 | Found the +18 shield of the Gong {Loud rN+ Will+ rCorr
                  | EV-5}
 42625 | Vaults:1 | Found a magical portal.
 42690 | WizLab   | Entered The Chambers of the Cloud Mage
 42754 | WizLab   | Paralysed by an air elemental for 1 turns
 43163 | WizLab   | Paralysed by an air elemental for 1 turns
 43312 | WizLab   | Got a lithographed book
 44146 | Vaults:2 | Found a staircase to the Crypt.
 44146 | Vaults:2 | Found an ancient bone altar of Kikubaaqudgha.
 44147 | Vaults:2 | Found a basalt altar of Yredelemnul.
 44270 | Vaults:2 | Identified the amulet "Eboa" {Acrobat Int+5}
 44605 | Vaults:2 | Reached XP level 22. HP: 200/200 MP: 21/21
 45192 | Vaults:2 | Found Zysistroy's Armour Shoppe.
 45504 | Vaults:3 | Noticed Jory
 45692 | Vaults:3 | Killed Jory
 48185 | Vaults:4 | Acquired the +0 mask of the Dragon {Will+ Slay+3 SInv}
 48185 | Vaults:4 | Found the +0 mask of the Dragon {Will+ Slay+3 SInv}
 48585 | Vaults:5 | Entered Level 5 of the Vaults
 48585 | Vaults:5 | Noticed a golden dragon
 48795 | Vaults:5 | Noticed Frederick
 48808 | Vaults:5 | Noticed a golden dragon
 48815 | Vaults:5 | Reached XP level 23. HP: 49/210 MP: 22/22
 48838 | Vaults:4 | Killed Frederick
 49084 | Vaults:4 | Reached skill level 27 in Armour
 50319 | Vaults:5 | Identified the +2 quarterstaff "Killer Klown's Curse"
                  | {freeze, *Corrode Str+2 Dex+3}
 50380 | Vaults:5 | Got a silver rune of Zot
 50573 | Vaults:5 | Identified the staff of the Spinneret {rPois Str+2 Int+5
                  | Poison}
 50574 | Vaults:5 | Identified the +3 rapier "Qacurisch" {drain, Dex+3}
 50577 | Vaults:5 | Identified the +0 chain mail "West" {rPois Regen+ rCorr
                  | Str-4}
 50702 | Vaults:5 | Noticed a dread lich
 50732 | Vaults:5 | Killed a dread lich
 50746 | Vaults:5 | Identified the +3 scale mail of Recor {Int+3}
 50794 | Vaults:5 | Noticed an ancient lich
 50815 | Vaults:5 | Killed an ancient lich
 51189 | Vaults:5 | Identified the +9 plate armour "Radgh" {Rampage +Blink
                  | Int-3}
 52794 | Slime:2  | Reached XP level 24. HP: 220/222 MP: 22/22
 53586 | Slime:3  | Found a viscous altar of Jiyva.
 53966 | Slime:5  | Entered Level 5 of the Pits of Slime
 54114 | Slime:5  | Noticed the Royal Jelly
 54171 | Slime:4  | Reached skill level 27 in Axes
 54545 | Slime:2  | Reached skill level 27 in Fighting
 55026 | Slime:5  | Killed the Royal Jelly
 55208 | Slime:5  | Identified the +7 mace of Evil {flame, rPois}
 55210 | Slime:5  | Got a lithographed book
 55279 | Slime:5  | Identified the orb of Contentment {mayhem, rCorr}
 55281 | Slime:5  | Got a slimy rune of Zot
 55353 | Slime:5  | Identified the +2 spear "Liezen" {speed, *Corrode rC+ Str+5
                  | Dex+3}
 55358 | Slime:5  | Identified the +10 short sword "Haozuam" {freeze, rC+}
 55359 | Slime:5  | Identified the +7 trident of Gloom {heavy, rF- Dex+4 SInv
                  | Stlth+}
 55375 | Slime:5  | Identified the +8 longbow "Rummage" {speed, rElec Will-
                  | rCorr Str+3}
 55565 | Slime:5  | Found the ring of the Mage {Wiz Archmagi}
 55674 | Slime:5  | Lost mutation: You are frail. (-10% HP) [potion of
                  | mutation]
 55674 | Slime:5  | Lost mutation: You are clumsy. (Dex -2) [potion of
                  | mutation]
 55674 | Slime:5  | Lost mutation: Armour fits poorly on your strangely shaped
                  | body. [potion of mutation]
 55674 | Slime:5  | Gained mutation: You are partially covered in iridescent
                  | scales. (AC +2) [potion of mutation]
 55674 | Slime:5  | Gained mutation: You have a pair of large horns on your
                  | head. [potion of mutation]
 55674 | Slime:5  | Gained mutation: You are clumsy. (Dex -2) [potion of
                  | mutation]
 55675 | Slime:5  | Lost mutation: You are clumsy. (Dex -2) [potion of
                  | mutation]
 55675 | Slime:5  | Lost mutation: You are partially covered in iridescent
                  | scales. (AC +2) [potion of mutation]
 55675 | Slime:5  | Lost mutation: You have a pair of large horns on your head.
                  | [potion of mutation]
 55675 | Slime:5  | Gained mutation: You occasionally lose the ability to drink
                  | potions when taking damage. [potion of mutation]
 55675 | Slime:5  | Gained mutation: You possess an exceptional clarity of
                  | mind. [potion of mutation]
 55675 | Slime:5  | Gained mutation: You have supernaturally acute eyesight.
                  | (SInv) [potion of mutation]
 55675 | Slime:5  | Gained mutation: Your muscles are strong. (Str +4, Int/Dex
                  | -1) [potion of mutation]
 55676 | Slime:5  | Lost mutation: You have supernaturally acute eyesight.
                  | (SInv) [potion of mutation]
 55676 | Slime:5  | Lost mutation: Your muscles are strong. (Str +4, Int/Dex
                  | -1) [potion of mutation]
 55676 | Slime:5  | Lost mutation: You occasionally lose the ability to drink
                  | potions when taking damage. [potion of mutation]
 55676 | Slime:5  | Gained mutation: You are somewhat resistant to further
                  | mutation. [potion of mutation]
 55677 | Slime:5  | Lost mutation: You possess an exceptional clarity of mind.
                  | [potion of mutation]
 55677 | Slime:5  | Lost mutation: You are somewhat resistant to further
                  | mutation. [potion of mutation]
 55677 | Slime:5  | Gained mutation: You possess an exceptional clarity of
                  | mind. [potion of mutation]
 56673 | D:12     | You paid a toll of a +7 demon whip to enter a treasure
                  | trove
 56674 | Trove    | Entered a treasure trove
 56696 | Trove    | Identified the ring of the Prince {rC+ Int+6}
 56700 | Trove    | Identified the +7 tower shield of Thoughtfulness {rPois
                  | Dex+3}
 56706 | Trove    | Identified the +1 hat "Ocsy" {Drain rF+ Will+ Dex+3}
 56882 | Crypt:1  | Entered Level 1 of the Crypt
 57362 | Crypt:1  | Identified the +8 mace of Fapn {flame, +Blink}
 58010 | Crypt:2  | Learned a level 2 spell: Wereblood
 58025 | Crypt:2  | Identified the ring of the Establishment {Ice rElec MP-9
                  | Str+2}
 58025 | Crypt:2  | Noticed Josephina
 58048 | Crypt:2  | Killed Josephina
 58055 | Crypt:2  | Reached skill level 1 in Transmutations
 58060 | Crypt:2  | Reached skill level 1 in Spellcasting
 58662 | Crypt:3  | Entered Level 3 of the Crypt
 58799 | Crypt:3  | Reached XP level 25. HP: 257/257 MP: 24/24
 58910 | Crypt:3  | Noticed a dread lich
 58929 | Crypt:3  | Killed a dread lich
 59313 | Crypt:3  | Found an ancient bone altar of Kikubaaqudgha.
 59357 | Crypt:3  | Identified the ring "Wiumig" {rN+ Str+2 Dex+4}
 59357 | Crypt:3  | Identified the ring "Mucsyck" {rPois rF++ rN+ Str+3 Stlth-}
 59360 | Crypt:3  | Got a black book
 59362 | Crypt:3  | Identified the staff of the Eye-covered God {rF+ rN+ Stlth+
                  | Necro}
 59457 | Crypt:3  | Found a staircase to the Tomb.
 59810 | Tomb:1   | Entered Level 1 of the Tomb of the Ancients
 59981 | Tomb:1   | Identified the +1 hand axe of Sothic {drain, Will+ Str+2}
 60912 | Depths:1 | Entered Level 1 of the Depths
 61608 | D:15     | Reached skill level 5 in Transmutations
 61697 | Depths:1 | Found Samoulom's Weapon Emporium.
 61733 | Depths:1 | Found a gateway to Hell.
 61978 | Depths:1 | Found Vetyecixt's Distillery.
 61988 | Depths:1 | Bought a potion of heal wounds for 85 gold pieces
 62023 | Depths:1 | Found a one-way gate to the infinite horrors of the Abyss.
 62034 | Depths:1 | Noticed Louise
 62047 | Depths:1 | Killed Louise
 62150 | Depths:1 | Identified the +4 falchion "Eviscerator" {venom, *Noise
                  | Str+4 Dex+3}
 62412 | Depths:2 | Found a transporter.
 62485 | Depths:2 | Reached skill level 5 in Spellcasting
 62677 | Depths:2 | Identified the +7 halberd "Sarcophage" {flame, rF+}
 62898 | Depths:2 | Noticed Saint Roka
 62923 | Depths:2 | Killed Saint Roka
 62983 | Depths:2 | Reached XP level 26. HP: 266/266 MP: 30/30
 63176 | Depths:2 | Identified the staff of Wrongful Imprisonment {Fragile rF+
                  | rC++ Fire}
 63181 | Depths:2 | Found a one-way gate leading to the halls of Pandemonium.
 63314 | Depths:2 | Noticed Vv
 63338 | Depths:2 | Killed Vv
 63811 | Depths:2 | Found a transporter.
 63815 | Depths:2 | Found a transporter.
 63899 | Depths:2 | Found a transporter.
 64056 | Depths:3 | Paralysed by a floating eye for 3 turns
 65361 | Depths:4 | Entered Level 4 of the Depths
 66001 | Depths:4 | Found a gate to the Realm of Zot.
 66368 | Depths:4 | Got an inconspicuous book
 66448 | Depths:4 | Found a one-way gateway to a ziggurat.
 66970 | Tomb:1   | Noticed a royal mummy
 67008 | Tomb:1   | Killed a royal mummy
 67545 | Tomb:1   | Noticed a royal mummy
 67565 | Tomb:1   | Killed a royal mummy
 68115 | Tomb:1   | Noticed a royal mummy
 68115 | Tomb:1   | Noticed a royal mummy
 68115 | Tomb:1   | Noticed a royal mummy
 68115 | Tomb:1   | Noticed a royal mummy
 68115 | Tomb:1   | Noticed a royal mummy
 68115 | Tomb:1   | Noticed a royal mummy
 68890 | Orc:2    | Bought 2 potions of heal wounds for 160 gold pieces
 68890 | Orc:2    | Bought a potion of invisibility for 128 gold pieces
 68890 | Orc:2    | Bought a potion of mutation for 128 gold pieces
 68890 | Orc:2    | Bought 2 potions of curing for 96 gold pieces
 69145 | Depths:2 | Voluntarily entered the Abyss.
 69165 | Abyss:4  | Lost intelligence.
 69231 | Abyss:4  | Gained mutation: You are weak. (Str -2) [a neqoxec]
 69232 | Abyss:4  | Gained mutation: Your mind is acute. (Int +4, Str/Dex -1)
                  | [a neqoxec]
 69344 | Depths:2 | Escaped the Abyss
 69466 | Depths:2 | Voluntarily entered the Abyss.
 69475 | Abyss:4  | Noticed an ancient lich
 69510 | Abyss:4  | Killed an ancient lich
 69539 | Abyss:4  | Paralysed by accursed screaming for 1 turns
 69603 | Abyss:4  | Reached XP level 27. HP: 212/218 MP: 34/34
 69605 | Depths:2 | Escaped the Abyss
 69614 | Depths:2 | Learned a level 5 spell: Irradiate
 69615 | Depths:2 | Voluntarily entered the Abyss.
 69615 | Abyss:4  | Found a corrupted altar of Lugonu.
 69713 | Depths:2 | Escaped the Abyss
 69765 | Depths:2 | Voluntarily entered the Abyss.
 69797 | Abyss:4  | Reached skill level 1 in Conjurations
 69883 | Abyss:4  | Paralysed by accursed screaming for 1 turns
 69905 | Abyss:4  | Lost mutation: You possess an exceptional clarity of mind.
                  | [a neqoxec]
 69970 | Depths:2 | Escaped the Abyss
 70152 | Depths:2 | Voluntarily entered the Abyss.
 70154 | Abyss:4  | Got an abyssal rune of Zot
 70263 | Abyss:4  | Paralysed by accursed screaming for 1 turns
 70268 | Abyss:4  | Found a corrupted altar of Lugonu.
 70292 | Abyss:4  | Reached skill level 10 in Transmutations
 70296 | Abyss:4  | Paralysed by accursed screaming for 2 turns
 70303 | Abyss:4  | Paralysed by accursed screaming for 2 turns
 70332 | Abyss:4  | Paralysed by accursed screaming for 1 turns
 70349 | Abyss:4  | Paralysed by accursed screaming for 1 turns
 70367 | Abyss:4  | Paralysed by accursed screaming for 2 turns
 70371 | Abyss:4  | Paralysed by accursed screaming for 2 turns
 70378 | Abyss:4  | Paralysed by accursed screaming for 2 turns
 70385 | Depths:2 | Escaped the Abyss
 70963 | Tomb:2   | Noticed a royal mummy
 70963 | Tomb:2   | Noticed a royal mummy
 70963 | Tomb:2   | Noticed a royal mummy
 70963 | Tomb:2   | Noticed a royal mummy
 71239 | Tomb:2   | Killed a royal mummy
 71265 | Tomb:2   | HP: 8/273 [mummy priest/divine providence (10)]
 71299 | Tomb:2   | HP: 3/273 [royal mummy/divine providence (15)]
 71303 | Tomb:2   | Killed from afar by a royal mummy

Illustrated notes

Levels and vault maps discovered:
D:1:      dpeg_arrival_rooms_with_view, layout_rooms,
          shapermc_ecumenical_altar_mp_urbaneastern
D:2:      layout_basic
D:3:      layout_basic, general_overflow_altar
D:4:      layout_loops_ring, lemuel_zombie_altar_yredelemnul,
          portal_sewer_entry_f, kennysheep_cross_bottleneck,
          nicolae_shop_sticking_my_neck_out
D:5:      layout_loops_corners, lemuel_tele_altar, lemuel_crystal_altar,
          temple_statues, enter_ossuary_5, palyth_stone_intersect
D:6:      layout_loops_corners, lemuel_crystal_altar, okawaru_metal_pillars_1_2,
          lightli_minifort
D:7:      layout_loops_cross, uniq_jeremiah, uniq_joseph
D:8:      layout_basic, lemuel_mausoleum_altar_kikubaaqudgha,
          onia_ninara_dug_in_and_dangerous, uniq_psyche
D:9:      layout_irregular_city, xom_redecorated, serial_shops,
          nicolae_shop_just_a_little_nook
D:10:     minmay_s_stair_smasher, layout_loops_ring, vehumet_altar_wand_db,
          beargit_hepliaklqana_dungeon_heroes, minmay_lair_entry_grove,
          uniq_lodul
D:11:     layout_cave_pools, orc_david_3, uniq_harold, uniq_erica, uniq_grum
D:12:     layout_grid_maze, enter_trove_1, maelrawn_ghost_gauntlet_escape
D:13:     layout_basic, david_vaults_5, gammafunk_ghost_crypt,
          kennysheep_flooded_box, chequers_serial_rivers_micro_b
D:14:     layout_loops_ring, nicolae_figureground_pulse,
          chequers_serial_rivers_marsh, kennysheep_boxes, uniq_agnes
D:15:     hangedman_slaughterboxes
Temple:   hellmonk_temple_two_chambers
Lair:1:   layout_roguey [special_room_bee]
Lair:2:   cheibrodos_lair_overgrown_chateau, layout_chaotic_city, serial_rivers,
          chequers_serial_rivers_micro_e, chequers_serial_rivers_marsh,
          chequers_serial_rivers_large_b, chequers_serial_rivers_micro_a,
          chequers_serial_rivers_micro_b, infiniplex_staircase_pool_2,
          serial_bayou_shore_b, uniq_maggie, uniq_amaemon
Lair:3:   layout_cave_pods, minmay_swamp_entry_reptiles,
          hellmonk_spider_entry_life_and_decay, ebering_ghost_inner_flame,
          uniq_urug
Lair:4:   layout_long_grid, gauntlet_entry_generic, lemuel_fruit_fields,
          uniq_nessos
Lair:5:   gammafunk_lair_ancient_temple, layout_cave_pods, slime_entry_1
Swamp:1:  nicolae_swamp_secret_spriggan_hideout, layout_basic_swamp,
          nicolae_swamp_some_circles
Swamp:2:  layout_basic_swamp, nicolae_swamp_treefoil
Swamp:3:  layout_falls_marsh, basic_altar, swamp_pool1
Swamp:4:  byrel_swamp_growth_death_and_undeath, layout_basic_swamp,
          gammafunk_ghost_wrathful_warriors, infiniplex_staircase_pool,
          uniq_aizul
Spider:1: layout_spider_delve
Spider:2: nicolae_spider_hilbert_zone_5 [nicolae_spider_hilbert_3_sides_1_open,
          nicolae_spider_hilbert_4_sides_1_open,
          nicolae_spider_hilbert_4_sides_1_open,
          nicolae_spider_hilbert_6_sides_1_open,
          nicolae_spider_hilbert_6_sides_1_open], nicolae_spider_webbed_stairs,
          nicolae_spider_cling_halls, uniq_arachne, uniq_kirke
Spider:3: layout_cave_pods
Spider:4: spider_rune_water
Slime:1:  layout_caves, nicolae_slime_barrier, nicolae_slime_phagocytosis
Slime:2:  layout_caves
Slime:3:  layout_caves, basic_altar
Slime:4:  layout_caves
Slime:5:  slime_pit_nicolae_inversion
Orc:1:    layout_diamond_mine, basic_altar, gammafunk_ghost_arena,
          guppyfry_library_mini
Orc:2:    st_orc_rangers, layout_caves, ebering_ghost_gozag, serial_shops, shop,
          mines1_david
Elf:1:    eino_elf_arrival_altar, layout_gridlike, basic_altar,
          hangedman_elf_disciples
Elf:2:    nicolae_elf_blades_crystal_corner, layout_geoelf_diagonals,
          serial_shops, nicolae_shop_rolled_up
Elf:3:    minmay_elf_hall_dome, layout_geoelf_diagonals,
          portal_ice_cave_entry_ice_statue_one, serial_shops, shop
Vaults:1: lightli_enter_wizlab_magi_temple, nicolae_vaults_ninety_degrees,
          vaults_mumra_minichess, hangedman_vaults_corner_blocks,
          nicolae_vaults_ring_of_whatevers, hangedman_vaults_snaps,
          nicolae_vaults_angled_halls, vaults_room_corners,
          nicolae_vaults_variable_pillar_hall, v_pattern_1, v_misc_2,
          vaults_room_stairs_pillars, hellmonk_guarded_unrand_gong,
          nicolae_vaults_little_squares_4, vaults_room_pool,
          nicolae_vaults_apartment_1, nicolae_vaults_diagonal_hallway_7,
          layout_vaults_maze_bifur, serial_shops, nicolae_shop_mannequins,
          uniq_nikola
Vaults:2: minmay_crypt_entry_necro_gods, st_spiral_rooms, grunt_vaults_bifocal,
          nicolae_vaults_little_squares_1, nicolae_vaults_oval_intersection,
          v_misc_9, hangedman_vaults_slice, nicolae_vaults_sealed_display,
          dpeg_vaults_monster_box, nicolae_vaults_angled_halls,
          vaults_dpeg_diagonal, hangedman_vaults_cutoff,
          nicolae_vaults_little_squares_5, nicolae_vaults_weapon_check,
          nicolae_vaults_tetromino_L_1, layout_vaults_ring, serial_shops, shop
Vaults:3: nicolae_vaults_six-pack, nicolae_vaults_closet_pinwheel_4,
          vaults_dpeg_emergency_exit, vaults_room_hallway, v_pattern_4,
          nicolae_vaults_security_offices_1, vaults_room_pool,
          ontoclasm_vaults_ligature, vaults_room_corners,
          layout_vaults_quadrants, uniq_jory
Vaults:4: nicolae_vaults_ring_of_whatevers, nicolae_vaults_tetromino_T_2,
          nicolae_vaults_wrenched, ontoclasm_vaults_spin, st_diamondy,
          grunt_vaults_hallway_short, v_misc_24, v_rooms_1,
          nicolae_vaults_sesquioval_fish, nicolae_vaults_doubleplus_tesselated,
          v_alt_pattern_2, layout_vaults_big_room
Vaults:5: uniq_frederick
Crypt:1:  layout_chaotic_city, minivault_5, corexii_hall_statues_l
Crypt:2:  layout_chaotic_city, lemuel_nasty_fountain, uniq_josephina
Crypt:3:  cryptofortress_bobbens
Tomb:1
Tomb:2
Depths:1: layout_cave_pools, serial_shops, nicolae_shop_waterfront, shop_coins,
          grunt_hell_horde, nicolae_abyss_entry_one_way_or_another,
          chequers_serial_rivers_room_b, minmay_metal_thing
Depths:2: minmay_complete_graph, layout_honeycomb, abyss_entry,
          serial_sigils_hangedman_gut, hell_entry, pan_entry,
          ebering_dispersal_statue_hall, nicolae_transporter_circle,
          uniq_saint_roka, uniq_vv
Depths:3: nzn_winding_woodlands_small [nzn_winding_woodlands_5x15_eye,
          nzn_winding_woodlands_center_pierced_h,
          nzn_winding_woodlands_5x15_pathside_ponds], layout_gridlike,
          abyss_entry_glasseish, pf_hell_entry_tar_river,
          amcnicky_mini_pool_small, grunt_pan_entry_spiral, minivault_22,
          uniq_margery
Depths:4: grunt_x_marks_the_spot, layout_basic, enter_ziggurat_b,
          hangedman_geh_valley, nrook_uturn, chequers_big_river,
          serial_bayou_shore_b

Skill      XL: |  1  2  3  4  5  6  7  8  9 10 11 12 13 14 15 16 17 18 19 20 21 22 23 24 25 26 27 |
---------------+----------------------------------------------------------------------------------+-----
Axes           | 4 5 6 8 9 11 12 13 15 16 17 19 20 21 22 23 24 25 26 27 | 27.0
Armour         | 1 2 3 4 5 6 8 10 11 13 14 15 17 18 19 20 21 22 24 26 27 | 27.0
Fighting       | 4 5 6 8 9 10 12 13 15 16 17 18 20 21 22 23 24 25 26 27 | 27.0
Dodging        | 4 5 6 7 8 9 10 11 12 13 14 15 16 17 18 20 21 22 23 | 23.2
Shields        | 1 2 3 4 5 6 7 9 10 11 12 13 14 15 16 17 18 20 22 23 24 | 24.2
Transmutations | 2 6 9 10 | 10.2
Spellcasting   | 1 5 8 |  8.6
Conjurations   | 3 |  3.1

Action                     |  1- 3 |  4- 6 |  7- 9 | 10-12 | 13-15 | 16-18 | 19-21 | 22-24 | 25-27 || total
---------------------------+-------+-------+-------+-------+-------+-------+-------+-------+-------++-------
  Melee: Hand axe          |    69 |   264 |   612 |   924 |  1283 |  2228 |  2410 |  2034 |  2083 || 11907
         Headbutt          |    15 |    34 |   126 |   236 |   364 |   679 |   838 |   820 |   799 ||  3911
         Unarmed           |       |       |       |    18 |       |       |       |       |       ||    18
   Cast: Wereblood         |       |       |       |       |       |       |       |       |     6 ||     6
  Evoke: Wand              |       |       |       |       |       |       |       |       |     1 ||     1
    Use: Scroll            |       |       |       |    19 |     8 |    13 |    17 |    18 |    10 ||    85
         Potion            |       |       |       |       |     1 |     7 |     8 |    14 |     9 ||    39
   Stab: Petrified         |       |       |       |       |     7 |       |       |       |       ||     7
         Petrifying        |       |       |       |       |     1 |       |       |       |       ||     1
         Held in net/web   |       |       |       |       |       |     1 |       |       |       ||     1
         Sleeping          |       |       |       |       |       |     1 |       |       |       ||     1
         Distracted        |       |       |       |       |       |       |     1 |       |       ||     1
         Invisible         |       |       |       |       |       |       |       |    11 |       ||    11
         Paralysed         |       |       |       |       |       |       |       |       |     1 ||     1
 Armour: Robe              |    20 |       |       |       |       |       |       |       |       ||    20
         Chain mail        |    11 |   136 |       |       |       |       |       |       |       ||   147
         Plate armour      |       |    18 |   270 |   419 |   563 |   923 |  1024 |   768 |   818 ||  4803
         Skin              |       |       |       |     3 |       |       |       |       |       ||     3
  Dodge: Dodged            |    56 |   126 |   203 |   323 |   560 |  1192 |   872 |   549 |   486 ||  4367
         Repelled          |       |       |       |     2 |     6 |    23 |    40 |    19 |    32 ||   122
  Block: Buckler           |       |    30 |   191 |    95 |       |       |       |       |       ||   316
         Kite shield       |       |       |       |   617 |  1154 |  2159 |   663 |  2558 |  2924 || 10075
         Other             |       |       |       |     4 |       |       |       |       |       ||     4
         Tower shield      |       |       |       |       |       |       |  1919 |       |       ||  1919

Table legend: (Time is in decaauts)
 A = Elapsed time spent in this place.
 B = Non-inter-level travel time spent in this place.
 C = Inter-level travel time spent in this place.
 D = Time resting spent in this place.
 E = Time spent auto-exploring this place.
 F = Levels seen in this place.
 G = Mean time per level.
                   A        B        C        D        E       F      G
               +--------+--------+--------+--------+--------+-----+--------+
         Total |  68722 |  59632 |   9090 |   5780 |  36120 |  69 |  996.0 |
       Dungeon |  17921 |  14903 |   3018 |    709 |   9828 |  15 | 1194.7 |
        Temple |     12 |      2 |     10 |      0 |      0 |   1 |   12.0 |
          Lair |   6454 |   4747 |   1707 |      0 |   3922 |   5 | 1290.8 |
         Swamp |   3522 |   3206 |    316 |    157 |   2138 |   4 |  880.5 |
   Spider Nest |   4919 |   4603 |    316 |    250 |   3193 |   4 | 1229.8 |
    Slime Pits |   4144 |   3583 |    561 |    571 |   1925 |   5 |  828.8 |
  Orcish Mines |   1999 |   1552 |    447 |     18 |   1032 |   2 |  999.5 |
   Elven Halls |   5655 |   5257 |    398 |   1385 |   2338 |   3 | 1885.0 |
        Vaults |   7846 |   7013 |    833 |    459 |   4729 |   5 | 1569.2 |
         Crypt |   3161 |   2661 |    500 |     19 |   1934 |   3 | 1053.7 |
          Tomb |   2582 |   2123 |    459 |    398 |    762 |   2 | 1291.0 |
        Depths |   5865 |   5344 |    521 |   1115 |   2928 |   4 | 1466.2 |
         Abyss |   1867 |   1867 |      0 |    191 |    251 |  10 |  186.7 |
         Trove |     53 |     53 |      0 |      0 |      0 |   1 |   53.0 |
         Sewer |    155 |    155 |      0 |      0 |     89 |   1 |  155.0 |
       Ossuary |    345 |    345 |      0 |      0 |    191 |   1 |  345.0 |
      Ice Cave |    615 |    615 |      0 |      0 |    331 |   1 |  615.0 |
        Wizlab |    780 |    780 |      0 |    337 |    206 |   1 |  780.0 |
      Gauntlet |    819 |    819 |      0 |    169 |    319 |   1 |  819.0 |
               +--------+--------+--------+--------+--------+-----+--------+

Top non-repeatable levels by time:
   Elf:2: 2690 daAuts
    D:15: 2481 daAuts
Vaults:4: 2387 daAuts
Depths:2: 2380 daAuts
  Tomb:1: 2288 daAuts
    D:10: 1778 daAuts
   Elf:3: 1687 daAuts
Vaults:2: 1677 daAuts
  Lair:3: 1569 daAuts
 Crypt:3: 1549 daAuts
Spider:4: 1521 daAuts
  Lair:5: 1469 daAuts
Vaults:3: 1462 daAuts
    D:12: 1446 daAuts
Spider:3: 1432 daAuts
